 Dungeon Crawl Stone Soup version 0.28-a0-863-g8cecda6153 (webtiles) character file.

Game seed: 5819418238035443995

30 blank1 the Covered (level 3, -4/33 HPs)
             Began as a Minotaur Fighter on Nov 18, 2021.
             Slain by Sigmund (5 damage)
             ... on level 2 of the Dungeon.
             The game lasted 00:01:18 (874 turns).

blank1 the Covered (Minotaur Fighter)                Turns: 874, Time: 00:01:20

Health: -4/33      AC:  7    Str: 21    XL:     3   Next: 3%
Magic:  2/2        EV: 10    Int:  5    God:
Gold:   57         SH:  4    Dex:  9    Spells: 2/2 levels left

rFire   . . .      SeeInvis .   a - +0 war axe
rCold   . . .      Faith    .   c - +0 buckler
rNeg    . . .      Spirit   .   b - +0 scale mail
rPois   .          Reflect  .   (helmet restricted)
rElec   .          Harm     .   (no cloak)
rCorr   .          Rampage  .   (no gloves)
Will    .....                   (no boots)
Stlth   ..........              (no amulet)
HPRegen 0.11/turn               (no ring)
MPRegen 0.08/turn               (no ring)

@: mighty
A: horns 2, retaliatory headbutt
a: no special abilities


You were on level 2 of the Dungeon.
You visited 1 branch of the dungeon, and saw 2 of its levels.

You collected 57 gold pieces.

Inventory:

Hand Weapons
 a - a +0 war axe (weapon)
Armour
 b - a +0 scale mail (worn)
 c - a +0 buckler (worn)
Scrolls
 e - a scroll of brand weapon {unknown}
 f - a scroll of enchant armour {unknown}
 g - a scroll of noise {unknown}
Potions
 h - 2 potions of heal wounds {unknown}
 i - a potion of resistance {unknown}
 j - a potion of berserk rage {unknown}


   Skills:
 - Level 4.0 Fighting
 + Level 2.9 Axes
 - Level 4.0 Armour
 + Level 1.1 Dodging
 + Level 3.9 Shields


You had 2 spell levels left.
You didn't know any spells.
Your spell library was empty.

Dungeon Overview and Level Annotations

Branches:
Dungeon (2/15)

Altars:

Annotations:
D:2 Sigmund


Innate Abilities, Weirdness & Mutations

You have a pair of horns on your head.
You reflexively headbutt those who attack you in melee.


Message History

A goblin comes into view. It is wielding a +0 club.
You block the quokka's attack. You block Sigmund's attack.
You closely miss the quokka. Your headbutt misses the quokka.
The quokka is almost dead.
The quokka bites you but does no damage.
You block the quokka's attack.
Sigmund says, "Your kind have come here before.
I understand now why.
You desire death..."
Sigmund hits you but does no damage.
You barely miss the quokka. Your headbutt misses the quokka.
The quokka is almost dead.
The quokka barely misses you.
You slash the quokka!
You kill the quokka!
Sigmund gestures wildly while chanting.
Sigmund flickers and vanishes!
Deactivating autopickup; reactivate with Ctrl-A.
Something hits you.
You have reached level 3!
Your experience leads to an increase in your attributes!
Increase (S)trength, (I)ntelligence, or (D)exterity?
You feel stronger. The goblin completely misses you. You furiously retaliate!
You headbutt the goblin!
You kill the goblin!
Training target 4.0 for Fighting reached!
Your Fighting skill increases to level 4!
You see here a quokka corpse.
You miss something. Your headbutt misses something.
You hear some strange, mumbled words.
Something tries to affect you, but you resist.
Something hits you.
* * * LOW HITPOINT WARNING * * *
You miss something. You headbutt something! You closely miss something.
You headbutt something.
You hear some strange, mumbled words.
A magic dart appears from out of thin air!
The magic dart hits you.
* * * LOW HITPOINT WARNING * * *
Something hits you.
You die...

............
####..........$
##............##.
.................
...............##
................#
.......<........
......†.....##.#.
......†{@........
......))....##.##
....[......##
.>........####.
.......<.......
.#.#......####.
#.######.# # #.#
..


There were no monsters in sight!

Vanquished Creatures
  An endoplasm (D:1)
  A giant cockroach (D:1)
  5 goblins
  4 hobgoblins
  2 quokkas
  3 ball pythons
  5 bats (D:1)
  A frilled lizard (D:1)
  2 kobolds (D:1)
  5 rats
29 creatures vanquished.

Notes
Turn   | Place    | Note
-------+----------+-------------------------------------------
     0 | D:1      | blank1 the Minotaur Fighter began the quest for the Orb.
     0 | D:1      | Reached XP level 1. HP: 19/19 MP: 0/0
   219 | D:1      | Reached XP level 2. HP: 27/27 MP: 1/1
   357 | D:1      | Found a faded altar of an unknown god.
   854 | D:2      | Noticed Sigmund
   856 | D:2      | Reached skill level 1 in Dodging
   871 | D:2      | Reached XP level 3. HP: 11/33 MP: 2/2
   874 | D:2      | HP: 1/33 [something/magic dart (5)]
   874 | D:2      | Slain by Sigmund

Illustrated notes

Levels and vault maps discovered:
D:1:      dpeg_arrival_another_circle, layout_basic,
          shapermc_ecumenical_altar_hornbeckon
D:2:      layout_rooms, basic_altar, uniq_sigmund

Skill      XL: |  1  2  3 |
---------------+----------+-----
Dodging        | 1 |  1.1
Armour         | 4 |  4.0
Fighting       | 4 |  4.0
Axes           | |  2.9
Shields        | |  3.9

Action                   || total
-------------------------++-------
Melee: War axe           ||    65
       Headbutt          ||     8
  Use: Potion            ||     1
Armor: Scale mail        ||    55
Dodge: Dodged            ||    28
Block: Buckler           ||    23

Table legend: (Time is in decaauts)
 A = Elapsed time spent in this place.
 B = Non-inter-level travel time spent in this place.
 C = Inter-level travel time spent in this place.
 D = Time resting spent in this place.
 E = Time spent auto-exploring this place.
 F = Levels seen in this place.
 G = Mean time per level.
                   A        B        C        D        E       F      G
               +--------+--------+--------+--------+--------+-----+--------+
         Total |    907 |    897 |     10 |      0 |    739 |   2 |  453.5 |
       Dungeon |    907 |    897 |     10 |      0 |    739 |   2 |  453.5 |
               +--------+--------+--------+--------+--------+-----+--------+

Top non-repeatable levels by time:
     D:1: 877 daAuts
     D:2: 29 daAuts
